 Dungeon Crawl Stone Soup version 0.29-a0-409-gd843f3a48c (webtiles) character file.

Game seed: 9494803806474434561

106 Hubjo the Magician (level 4, -4/26 HPs)
             Began as a Deep Elf Fire Elementalist on May 13, 2022.
             Killed from afar by Robin (9 damage)
             ... with a puff of flame
             ... on level 4 of the Dungeon.
             The game lasted 00:03:28 (4395 turns).

Hubjo the Magician (Deep Elf Fire Elementalist)     Turns: 4395, Time: 00:03:29

Health: -4/26      AC:  3    Str:  5    XL:     4   Next: 55%
Magic:  0/11       EV: 12    Int: 22    God:
Gold:   256        SH:  0    Dex: 15    Spells: 9/10 levels left

rFire   . . .      SeeInvis .   (no weapon)
rCold   . . .      Faith    .   (no shield)
rNeg    . . .      Spirit   .   a - +1 robe
rPois   .          Reflect  .   (no helmet)
rElec   .          Harm     .   (no cloak)
rCorr   .          Rampage  .   (no gloves)
Will    .....                   (no boots)
Stlth   ++........              (no amulet)
HPRegen 0.08/turn               (no ring)
MPRegen 0.12/turn               (no ring)

@: no status effects
A: no striking features
a: no special abilities


You were on level 4 of the Dungeon.
You visited 1 branch of the dungeon, and saw 4 of its levels.

You collected 256 gold pieces.

Inventory:

Armour
 a - a +1 robe (worn)
Scrolls
 c - a scroll of fear {unknown}
 f - 2 scrolls of enchant armour
 g - 2 scrolls of teleportation
 h - a scroll of summoning {unknown}
 i - 3 scrolls of identify
Potions
 b - a potion of magic
 d - a potion of flight {unknown}
 e - 4 potions of might {unknown}
 j - a potion of mutation {unknown}
 k - a potion of degeneration {unknown}
 l - a potion of heal wounds {unknown}


   Skills:
 * Level 2.1 Fighting
 - Level 2.4 Dodging
 + Level 3.5 Stealth
 + Level 3.9 Spellcasting
 - Level 1.1 Conjurations
 + Level 3.9 Fire Magic


You had 9 spell levels left.
You knew the following spells:

 Your Spells              Type           Power      Damage    Failure   Level
a - Foxfire               Conj/Fire      60%        2x1d7     4%          1

Your spell library contained the following spells:

 Spells                   Type           Power      Damage    Failure   Level
 Scorch                   Fire           42%        2d7       3%          2
 Sting                    Tmut/Pois      16%        1d3       12%         1
 Conjure Flame            Conj/Fire      15%        6-21      12%         3
 Inner Flame              Hex/Fire       13%        N/A       16%         3
 Poisonous Vapours        Pois/Air       8%         N/A       17%         2
 Gell's Gravitas          Tloc           4%         N/A       34%         3
 Teleport Other           Tloc           4%         N/A       34%         3
 Flame Wave               Conj/Fire      15%        2d6       36%         4
 Olgreb's Toxic Radiance  Pois           4%         N/A       75%         4
 Dispersal                Tloc           2%         N/A       100%        6


Dungeon Overview and Level Annotations

Branches:
Dungeon (4/15)
 Temple: D:4-7

Altars:
Fedhas

Shops:
D:1 (

Annotations:
D:4 Blork the orc, Robin


Message History

Blork the orc is lightly wounded.
The foxfire hits Blork the orc.
Blork the orc is moderately wounded.
The foxfire hits Blork the orc.
Blork the orc is moderately wounded.
A goblin comes into view. It is wielding a +0 dagger.
You conjure some foxfire!
The foxfire hits Blork the orc.
Blork the orc is heavily wounded.
The foxfire hits Blork the orc.
Blork the orc is heavily wounded.
Blork the orc casts a spell at you. The puff of flame misses you.
You conjure some foxfire!
The foxfire hits Blork the orc.
Blork the orc is severely wounded.
The foxfire hits Blork the orc.
Blork the orc is severely wounded.
Blork the orc hits you with a +0 short sword.
You hit Blork the orc but do no damage.
Blork the orc is severely wounded.
The foxfire hits Blork the orc.
Blork the orc is severely wounded.
Blork the orc screams, "I'm much stronger than you!"
Blork the orc gestures at you while chanting.
The puff of flame hits you!
The foxfire hits Blork the orc but does no damage.
Blork the orc is severely wounded.
A goblin comes into view. It is wielding a +0 dagger.
Blork the orc misses you.
You hear a zap.
A puff of flame appears from out of thin air!
The puff of flame hits you!
* * * LOW HITPOINT WARNING * * *
As you read the scroll labelled XUMOTI DEXYSI, it crumbles to dust.
It is a scroll of enchant weapon.
You aren't carrying any weapons that can be enchanted.
Blork the orc barely misses you.
You hear a zap.
A puff of flame appears from out of thin air!
The puff of flame hits you!
You die...

#..)..).).#...###.....
#####.#####.....'.....
#..#.#.######.....
##.#.#.# #.....
#######.#.#.######...[.
....................###
########.#.#.##......#
....####§#.#.##..[...#
...g)go@§#.#.######'####
....g.{.................
g..)†.B....#.#######.###
...)########.# #..# ...
.# ##.## .. #..# . ##.#
#.# #..


You could see Blork the orc (fast), a giant cockroach, a hobgoblin (strong) and
3 goblins.

Vanquished Creatures
  2 adders (D:2)
  An ufetubus (D:2)
  4 orcs (D:4)
  4 endoplasms
  7 giant cockroaches
  10 goblins
  9 hobgoblins
  8 jackals
  A quokka (D:1)
  7 ball pythons
  4 bats
  A frilled lizard (D:1)
  8 kobolds
  4 rats
70 creatures vanquished.

Vanquished Creatures (collateral kills)
  A foxfire (D:2)
1 creature vanquished.

Vanquished Creatures (others)
  340 foxfires
340 creatures vanquished.

Grand Total: 411 creatures vanquished

Notes
Turn   | Place    | Note
-------+----------+-------------------------------------------
     0 | D:1      | Hubjo the Deep Elf Fire Elementalist began the quest for
                  | the Orb.
     0 | D:1      | Reached XP level 1. HP: 10/10 MP: 6/6
   319 | D:1      | Reached XP level 2. HP: 16/16 MP: 6/8
   698 | D:1      | Reached skill level 1 in Fighting
   782 | D:1      | Found a faded altar of an unknown god.
  1347 | D:1      | Found Atejitus's Weapon Shoppe.
  1535 | D:2      | Reached XP level 3. HP: 20/20 MP: 6/9
  1884 | D:2      | Noticed a scorpion
  2639 | D:3      | Reached XP level 4. HP: 26/26 MP: 7/11
  3931 | D:4      | Found a blossoming altar of Fedhas.
  3998 | D:4      | HP: 1/26 [orc/+0 short sword (4)]
  4384 | D:4      | Noticed Robin
  4385 | D:4      | Noticed Blork the orc
  4395 | D:4      | Killed from afar by Robin

Illustrated notes

Levels and vault maps discovered:
D:1:      elethiomel_arrival_infinity_welcomes_careful_drivers,
          layout_loops_ring, serial_shops, nicolae_shop_bloodbath_and_beyond,
          dreamdust_ecumenical_altar_statues, kennysheep_decorative_pillar,
          minmay_misc_feat_roman, minmay_tetromino_i4
D:2:      layout_loops_cross, lightli_corner_chamber
D:3:      layout_basic
D:4:      layout_basic, nicolae_overflow_crystal_walls, uniq_natasha,
          uniq_blork_the_orc, uniq_robin

Skill      XL: |  1  2  3  4 |
---------------+-------------+-----
Fighting       | 1 2 |  2.1
Stealth        | 3 |  3.5
Dodging        | |  2.4
Spellcasting   | |  3.9
Conjurations   | |  1.1
Fire Magic     | |  3.9

Action                   |  1- 3 |  4- 6 || total
-------------------------+-------+-------++-------
Melee: Unarmed           |     5 |     7 ||    12
 Cast: Foxfire           |   131 |    78 ||   209
  Use: Scroll            |     1 |     2 ||     3
Armor: Robe              |     2 |     2 ||     4
Dodge: Dodged            |    11 |     9 ||    20

Table legend: (Time is in decaauts)
 A = Elapsed time spent in this place.
 B = Non-inter-level travel time spent in this place.
 C = Inter-level travel time spent in this place.
 D = Time resting spent in this place.
 E = Time spent auto-exploring this place.
 F = Levels seen in this place.
 G = Mean time per level.
                   A        B        C        D        E       F      G
               +--------+--------+--------+--------+--------+-----+--------+
         Total |   4394 |   4263 |    131 |      0 |   3818 |   4 | 1098.5 |
       Dungeon |   4394 |   4263 |    131 |      0 |   3818 |   4 | 1098.5 |
               +--------+--------+--------+--------+--------+-----+--------+

Top non-repeatable levels by time:
     D:1: 1526 daAuts
     D:3: 1189 daAuts
     D:2: 1104 daAuts
     D:4: 573 daAuts
